 Dungeon Crawl Stone Soup version 0.31-a0-1338-gb567cfdca4 (webtiles) character file.

Game seed: 14991818230161112090

646 wildpjah the Slasher (level 7, -4/52 HPs)
             Began as a Merfolk Gladiator on Dec 22, 2023.
             Was a Follower of Okawaru.
             Slain by a gnoll
             ... wielding a +0 spear
              (8 damage)
             ... on level 5 of the Dungeon.
             The game lasted 00:11:37 (4815 turns).

wildpjah the Slasher (Merfolk Gladiator)            Turns: 4815, Time: 00:11:37

Health: -4/52      AC:  5    Str: 15    XL:     7   Next: 52%
Magic:  5/7        EV: 14    Int:  7    God:    Okawaru [*.....]
Gold:   303        SH: 16    Dex: 17    Spells: 6/6 levels left

rFire   . . .        J - +0 falchion
rCold   . . .        m - +0 tower shield
rNeg    . . .        b - +0 leather armour
rPois   .            c - +0 helmet
rElec   .            (no cloak)
rCorr   .            (no gloves)
SInv    .            (no boots)
Will    +....        z - amulet of faith
Stlth   +++          x - ring of willpower
HPRegen 0.28/turn    (no ring)
MPRegen 0.10/turn

%: faith
@: heroic
A: (nimble swimmer 2), mertail
a: Renounce Religion, Heroism


You were on level 5 of the Dungeon.
You worshipped Okawaru.
Okawaru was aware of your devotion.
You visited 2 branches of the dungeon, and saw 6 of its levels.
You also visited: Sewer.

You collected 303 gold pieces.

Inventory:

Hand Weapons
 a - a +0 long sword
 t - a +0 long sword
 J - a +0 falchion (weapon)
Missiles
 d - a throwing net (quivered)
 e - 8 boomerangs
 h - 3 poisoned darts
 G - 5 javelins
Armour
 b - a +0 leather armour (worn)
 c - a +0 helmet (worn)
 m - a +0 tower shield (worn)
Jewellery
 r - an amulet of magic regeneration
 x - a ring of willpower (left hand)
 y - a ring of ice
 z - an amulet of faith (around neck)
Wands
 I - a wand of flame (21)
Scrolls
 g - 3 scrolls of enchant armour {unknown}
 l - 2 scrolls of torment {unknown}
 p - 4 scrolls of identify {unknown}
 q - 5 scrolls of teleportation {unknown}
 v - a scroll of fear {unknown}
 A - a scroll of vulnerability {unknown}
 B - 2 scrolls of revelation {unknown}
 D - a scroll of fog {unknown}
 E - 2 scrolls of immolation {unknown}
 H - 2 scrolls of noise {unknown}
Potions
 f - 2 potions of curing {unknown}
 i - a potion of mutation {unknown}
 j - a potion of degeneration {unknown}
 k - a potion of attraction {unknown}
 n - a potion of invisibility {unknown}
 o - 2 potions of ambrosia {unknown}
 s - 2 potions of lignification {unknown}
 u - a potion of cancellation {unknown}
 w - a potion of enlightenment {unknown}
 C - 3 potions of heal wounds {unknown}
 F - a potion of magic {unknown}


   Skills:
 + Level 3.4(8.4) Fighting
 + Level 6.1(11.1) Long Blades
 + Level 2.2(7.2) Throwing
 + Level 1.7(6.7) Armour
 + Level 5.3(10.3) Dodging
 + Level 1.3(6.3) Stealth
 * Level 4.3(9.3) Shields


You had 6 spell levels left.
You didn't know any spells.
Your spell library contained the following spells:

 Spells                   Type           Power      Damage    Failure   Level
 Ensorcelled Hibernation  Hex/Ice        0%         N/A       99%         2
 Passwall                 Alch/Erth      0%         N/A       99%         2
 Swiftness                Air            0%         N/A       100%        3
 Ignite Poison            Fire/Alch      0%         N/A       100%        4
 Sticky Flame             Fire/Alch      0%         2d4       100%        4
 Ignition                 Fire           0%         3d3       100%        8
 Summon Small Mammal      Summ           Unusable   N/A       N/A         1
 Call Canine Familiar     Summ           Unusable   N/A       N/A         3
 Summon Guardian Golem    Hex/Summ       Unusable   N/A       N/A         3

Dungeon Overview and Level Annotations

Branches:
Dungeon (5/15)             Temple (1/1) D:4           Sewer (visited)

Altars:
Cheibriados
Dithmenos
Fedhas
Gozag
Hepliaklqana
Kikubaaqudgha
Makhleb
Nemelex Xobeh
Okawaru
Sif Muna
Uskayaw
Vehumet
Wu Jian
Yredelemnul
Zin


Innate Abilities, Weirdness & Mutations

((You are very nimble when in or above water. (Stealth+, EV+, Speed+++)))
Your lower body shifts to a powerful aquatic tail in water.


Message History

The gnoll hits you from afar with a +0 spear.
You block the phantom's attack.
The gnoll hits you from afar with a +0 spear.
You hit the phantom.
You destroy the phantom!
Okawaru accepts your kill.
You can now gain great but temporary skills.
You block the gnoll's attack. x4
A gnoll opens the door.
Unknown command.
You block the gnoll's attack. The gnoll hits you with a +0 whip.
There is an open door here.
You block the gnoll's attack.
You hit the gnoll.
The gnoll is lightly wounded.
The gnoll hits you from afar with a +0 spear.
* * * LOW HITPOINT WARNING * * *
Found an escape hatch in the floor.
The gnoll attacks as it pursues you!
The gnoll hits you with a +2 flail of protection!
* * * LOW HITPOINT WARNING * * *
There is an escape hatch in the floor, spattered with blood here.
You hit the gnoll.
The gnoll is moderately wounded.
You block the gnoll's attack.
Activating: Heroism (11% risk of failure)
Press: ? - help, Q - select action, (/) - cycle Dir - look around, f - activate You gain the combat prowess of a mighty hero.
Throw: 2 throwing nets
Press: ? - help, Q - select action, (/) - cycle Shift-Dir - straight line, f - gnoll
Aim: a gnoll, wielding a +2 flail of protection (moderately wounded, 69% to hit)
You throw a throwing net. The throwing net hits the gnoll.
The gnoll is caught in the net!
The gnoll is moderately wounded.
The gnoll struggles against the net.
You slash the gnoll!
The gnoll is severely wounded.
The gnoll struggles against the net.
The gnoll hits you from afar with a +0 spear!
You die...

....#...........#....##......####
###.#...#.......#...............#
..#.#...#.......#............####
.<#.#...#....####.[.......####
..#..........# #.........#
..########...####.........# ..#
#..(..........#### ..#
##ยง############ ... #.#...@gg#
..#. #.#.####g# ..# ##...##g..#
#....##'##### ##....>g.....#
#.....[....).# #....?#......#
#.....'......# .....##......#


You could see 3 gnolls.

Vanquished Creatures
  Pargi (Sewer)
  A centaur (D:4)
  A phantom (D:5)
  A brain worm (Sewer)
  A jelly (D:2)
  A hound (D:5)
  2 iguanas (D:4)
  A sleepcap (D:5)
  2 river rats (D:3)
  5 adders
  13 dart slugs
  13 orcs
  8 ball pythons
  12 endoplasms
  3 giant cockroaches
  8 goblins
  2 hobgoblins
  3 jackals (D:2)
  12 kobolds
  5 quokkas
  5 bats
  8 frilled lizards
  6 rats
114 creatures vanquished.

Notes
Turn   | Place    | Note
-------+----------+-------------------------------------------
     0 | D:1      | wildpjah the Merfolk Gladiator began the quest for the Orb.
     0 | D:1      | Reached XP level 1. HP: 16/16 MP: 1/1
    97 | D:1      | Reached skill level 4 in Long Blades
    97 | D:1      | Reached XP level 2. HP: 22/22 MP: 2/2
   870 | D:1      | Reached XP level 3. HP: 28/28 MP: 3/3
  1169 | D:2      | Reached skill level 1 in Shields
  1574 | D:2      | Reached XP level 4. HP: 13/34 MP: 4/4
  1699 | D:2      | Found a burning altar of Makhleb.
  1699 | D:2      | Found a snail-covered altar of Cheibriados.
  1699 | D:2      | Found an opulent altar of Gozag.
  1699 | D:2      | Found an ancient bone altar of Kikubaaqudgha.
  1699 | D:2      | Found a radiant altar of Vehumet.
  1699 | D:2      | Found a blossoming altar of Fedhas.
  2274 | D:3      | Reached XP level 5. HP: 31/39 MP: 5/5
  2746 | D:3      | Reached skill level 1 in Armour
  2827 | D:3      | Reached skill level 5 in Long Blades
  2845 | D:3      | Found a glowing drain.
  2852 | Sewer    | Entered a sewer
  2899 | Sewer    | Noticed Pargi
  3249 | Sewer    | Reached XP level 6. HP: 43/46 MP: 6/6
  3255 | Sewer    | Killed Pargi
  3256 | Sewer    | Reached skill level 5 in Dodging
  3702 | D:4      | Found a staircase to the Ecumenical Temple.
  3709 | Temple   | Entered the Ecumenical Temple
  3744 | Temple   | Became a worshipper of Warmaster Okawaru
  4041 | D:4      | Reached skill level 1 in Stealth
  4105 | D:4      | Reached XP level 7. HP: 29/52 MP: 7/7
  4536 | D:5      | Entered Level 5 of the Dungeon
  4544 | D:5      | Reached skill level 6 in Long Blades
  4804 | D:5      | Reached * piety under Okawaru
  4810 | D:5      | HP: 2/52 [gnoll/+2 flail of protection (13)]
  4815 | D:5      | Slain by a gnoll

Illustrated notes

Levels and vault maps discovered:
D:1:      dpeg_arrival_erosion, layout_basic
D:2:      cheibrodos_fertilizer, layout_loops_corners
D:3:      layout_rooms, portal_sewer_entry_b, grunt_decor_resistance
D:4:      kennysheep_slugbush, layout_basic, temple_green
D:5:      layout_basic, serial_bayou_pond_d
Temple:   oiseaux_autumnal_temple

Skill      XL: |  1  2  3  4  5  6  7 |
---------------+----------------------+-----
Long Blades    | 4 5 6 |  6.1
Shields        | 1 2 3 4 |  4.3
Armour         | 1 |  1.7
Fighting       | 3 |  3.4
Dodging        | 5 |  5.3
Stealth        | 1 |  1.3
Throwing       | |  2.2

Action                     |  1- 3 |  4- 6 |  7- 9 || total
---------------------------+-------+-------+-------++-------
  Melee: Long sword        |   102 |   243 |    32 ||   377
         Tailslap          |       |    14 |       ||    14
         Falchion          |       |       |    34 ||    34
  Throw: Dart              |       |     4 |       ||     4
         Throwing net      |       |     3 |     1 ||     4
         Javelin           |       |     1 |       ||     1
 Invoke: Heroism           |       |       |     1 ||     1
   Stab: Sleeping          |     1 |     5 |     2 ||     8
 Armour: Leather armour    |    56 |   121 |    38 ||   215
  Dodge: Dodged            |    60 |    82 |    31 ||   173
  Block: Tower shield      |    63 |   251 |    70 ||   384

Table legend: (Time is in decaauts)
 A = Elapsed time spent in this place.
 B = Non-inter-level travel time spent in this place.
 C = Inter-level travel time spent in this place.
 D = Time resting spent in this place.
 E = Time spent auto-exploring this place.
 F = Levels seen in this place.
 G = Mean time per level.
                   A        B        C        D        E       F      G
               +--------+--------+--------+--------+--------+-----+--------+
         Total |   4918 |   4759 |    159 |    357 |   3338 |   7 |  702.6 |
       Dungeon |   4345 |   4241 |    104 |    125 |   3215 |   5 |  869.0 |
        Temple |     58 |      3 |     55 |      0 |      0 |   1 |   58.0 |
         Sewer |    514 |    514 |      0 |    232 |    123 |   1 |  514.0 |
               +--------+--------+--------+--------+--------+-----+--------+

Top non-repeatable levels by time:
     D:2: 1354 daAuts
     D:4: 991 daAuts
     D:1: 956 daAuts
     D:3: 742 daAuts
   Sewer: 514 daAuts
     D:5: 300 daAuts
  Temple: 58 daAuts
